[ PARTIDA AOE2 · #476953980 ]
UnrankedPersas vs Burmese
[ ANÁLISIS DE REPETICIÓN · EXTRAÍDO DE LA PARTIDA GRABADA ]
Feudal
8:50
Castillos
20:27
Imperial
—
| APM promedio | 54.5 |
| APM pico | 92 |
| eAPM promedio | 24.6 |
| Aldeanos / militares | 65 / 21 |
Foco
⚔️ 48.4% · 🌾 51.6%
Scout Cavalry ×11 · Knight ×10
Feudal
8:57
Castillos
22:47
Imperial
—
| APM promedio | 55.3 |
| APM pico | 81 |
| eAPM promedio | 22.6 |
| Aldeanos / militares | 47 / 39 |
Foco
⚔️ 33.1% · 🌾 66.9%
Archer ×39
Feudal
10:02
Castillos
—
Imperial
—
| APM promedio | 32.8 |
| APM pico | 55 |
| eAPM promedio | 14.8 |
| Aldeanos / militares | 43 / 15 |
Foco
⚔️ 31.4% · 🌾 68.6%
Scout Cavalry ×12 · Spearman ×3
Feudal
9:17
Castillos
22:11
Imperial
—
| APM promedio | 46.4 |
| APM pico | 94 |
| eAPM promedio | 27.5 |
| Aldeanos / militares | 51 / 25 |
Foco
⚔️ 46.4% · 🌾 53.6%
Archer ×24 · Spearman ×1
Feudal
—
Castillos
—
Imperial
—
| APM promedio | 40.6 |
| APM pico | 70 |
| eAPM promedio | 16.0 |
| Aldeanos / militares | 38 / 39 |
Foco
⚔️ 39.4% · 🌾 60.6%
Archer ×34 · Skirmisher ×5
Feudal
8:52
Castillos
—
Imperial
—
| APM promedio | 47.5 |
| APM pico | 70 |
| eAPM promedio | 24.1 |
| Aldeanos / militares | 47 / 42 |
Foco
⚔️ 38.2% · 🌾 61.8%
Archer ×42
Mapa de la partida
Recursos iniciales + cada clic de construcción. Líneas = muros · curvas = relieve. ◆ oro · ⬟ piedra · ● bayas · ✦ reliquia · ◌ hueco del cierre
Tu base· Abierta — hueco de 1t
Base de |FMG| TINCHO· ✓ Cerrada en 22:47 · 49t muro · 1 puerta(s)
Base de panzasmagno· Abierta — el rival se encerró
Base de GreatMaty· ✓ Cerrada en 22:11 · 50t muro · sin puerta
Base de DiegoRH7955· ✓ Cerrada en 21:28 · 55t muro · sin puerta
Base de SARASO· Abierta — flanco sin cerrar
Terreno inicial suavizado · ◌ = hueco del cierre detectado · pasá el cursor para detalles
Inputs por minuto
— ToNGa - - |FMG| TINCHO
Build order — ToNGa
147 acciones detectadas en el replay
| 0:01 | Encolar | Villager (Male) |
| 0:01 | Encolar | Villager (Male) |
| 0:01 | Encolar | Villager (Male) |
| 0:02 | Construir | House |
| 0:03 | Construir | House |
| 0:05 | Encolar | Villager (Male) |
| 0:05 | Encolar | Villager (Male) |
| 1:31 | Encolar | Villager (Male) |
| 1:32 | Encolar | Villager (Male) |
| 1:49 | Construir | Mill |
| 2:08 | Encolar | Villager (Male) |
| 2:08 | Encolar | Villager (Male) |
| 2:17 | Encolar | Villager (Male) |
| 2:17 | Encolar | Villager (Male) |
| 2:42 | Encolar | Villager (Male) |
| 2:43 | Encolar | Villager (Male) |
| 3:08 | Encolar | Villager (Male) |
| 3:08 | Encolar | Villager (Male) |
| 3:38 | Construir | House |
| 3:53 | Encolar | Villager (Male) |
| 3:53 | Encolar | Villager (Male) |
| 4:02 | Encolar | Villager (Male) |
| 4:02 | Encolar | Villager (Male) |
| 4:24 | Encolar | Villager (Male) |
| 4:24 | Encolar | Villager (Male) |
| 4:25 | Encolar | Villager (Male) |
| 4:45 | Construir | Lumber Camp |
| 4:49 | Encolar | Villager (Male) |
| 4:49 | Encolar | Villager (Male) |
| 5:38 | Encolar | Villager (Male) |
| 5:43 | Encolar | Villager (Male) |
| 5:44 | Investigar | Loom |
| 6:27 | Investigar | Feudal Age |
| 7:15 | Construir | Barracks |
| 7:53 | Encolar | Villager (Male) |
| 8:22 | Construir | House |
| 8:28 | Construir | Mill |
| 8:50 | Edad | Edad Feudal |
| 8:52 | Construir | Stable |
| 8:58 | Encolar | Villager (Male) |
| 8:58 | Encolar | Villager (Male) |
| 9:06 | Construir | House |
| 9:07 | Construir | Palisade Wall |
| 9:08 | Construir | Palisade Wall |
| 9:16 | Encolar | Villager (Male) |
| 9:26 | Investigar | Double-Bit Axe |
| 9:38 | Construir | House |
| 9:39 | Encolar | Scout Cavalry |
| 9:39 | Encolar | Scout Cavalry |
| 9:42 | Construir | Palisade Wall |
| 9:47 | Encolar | Villager (Male) |
| 10:02 | Encolar | Villager (Male) |
| 10:06 | Construir | House |
| 10:09 | Construir | Palisade Wall |
| 10:10 | Construir | Palisade Wall |
| 10:14 | Construir | Palisade Wall |
| 10:19 | Encolar | Scout Cavalry |
| 10:33 | Construir | Farm |
| 10:51 | Encolar | Villager (Male) |
| 10:59 | Construir | Farm |
| 11:08 | Encolar | Villager (Male) |
| 11:10 | Construir | Farm |
| 11:22 | Construir | Palisade Wall |
| 11:32 | Encolar | Villager (Male) |
| 11:34 | Construir | Farm |
| 11:43 | Investigar | Horse Collar |
| 11:43 | Investigar | Horse Collar |
| 12:00 | Encolar | Villager (Male) |
| 12:02 | Construir | Farm |
| 12:10 | Construir | Farm |
| 12:11 | Encolar | Villager (Male) |
| 12:16 | Construir | House |
| 12:29 | Encolar | Scout Cavalry |
| 12:30 | Encolar | Scout Cavalry |
| 12:35 | Construir | Farm |
| 12:51 | Encolar | Villager (Male) |
| 12:53 | Construir | Farm |
| 13:08 | Encolar | Scout Cavalry |
| 13:08 | Encolar | Scout Cavalry |
| 13:13 | Encolar | Villager (Male) |
| 13:14 | Construir | Farm |
| 13:26 | Encolar | Villager (Male) |
| 13:34 | Encolar | Villager (Male) |
| 13:36 | Construir | Farm |
| 13:38 | Construir | Farm |
| 13:44 | Encolar | Scout Cavalry |
| 13:53 | Encolar | Villager (Male) |
| 13:56 | Construir | Farm |
| 13:59 | Construir | Farm |
| 14:07 | Encolar | Scout Cavalry |
| 14:17 | Encolar | Villager (Male) |
| 14:19 | Construir | Farm |
| 14:22 | Construir | Farm |
| 14:24 | Construir | Farm |
| 14:32 | Encolar | Scout Cavalry |
| 15:00 | Encolar | Villager (Male) |
| 15:02 | Construir | Farm |
| 15:04 | Construir | Farm |
| 15:05 | Encolar | Villager (Male) |
| 15:13 | Encolar | Scout Cavalry |
| 15:15 | Encolar | Villager (Male) |
| 15:25 | Encolar | Villager (Male) |
| 15:38 | Encolar | Villager (Male) |
| 15:41 | Construir | Mining Camp |
| 15:54 | Encolar | Villager (Male) |
| 16:00 | Construir | Farm |
| 16:03 | Construir | Farm |
| 16:26 | Construir | Farm |
| 16:30 | Investigar | Town Watch |
| 16:30 | Encolar | Villager (Male) |
| 16:56 | Construir | Blacksmith |
| 17:12 | Encolar | Villager (Male) |
| 17:30 | Encolar | Villager (Male) |
| 17:55 | Investigar | Castle Age |
| 18:10 | Construir | Stable |
| 18:14 | Investigar | Gold Mining |
| 18:32 | Investigar | Scale Barding Armor |
| 18:59 | Investigar | Bloodlines |
| 19:25 | Construir | Farm |
| 20:01 | Encolar | Villager (Male) |
| 20:09 | Encolar | Villager (Male) |
| 20:27 | Edad | Edad de los Castillos |
| 20:39 | Encolar | Knight |
| 20:39 | Encolar | Knight |
| 20:39 | Encolar | Knight |
| 20:41 | Construir | Town Center |
| 20:54 | Encolar | Knight |
| 20:54 | Encolar | Knight |
| 21:00 | Investigar | Bow Saw |
| 21:09 | Construir | Palisade Wall |
| 21:41 | Encolar | Villager (Male) |
| 21:41 | Encolar | Villager (Male) |
| 21:41 | Encolar | Villager (Male) |
| 21:59 | Encolar | Villager (Male) |
| 21:59 | Encolar | Villager (Male) |
| 22:20 | Encolar | Villager (Male) |
| 22:24 | Encolar | Villager (Male) |
| 22:24 | Encolar | Villager (Male) |
| 22:26 | Construir | Town Center |
| 22:29 | Encolar | Villager (Male) |
| 22:29 | Encolar | Villager (Male) |
| 22:52 | Encolar | Villager (Male) |
| 22:54 | Encolar | Knight |
| 22:54 | Encolar | Knight |
| 22:59 | Encolar | Knight |
| 22:59 | Encolar | Knight |
| 22:59 | Encolar | Knight |
Build order — |FMG| TINCHO
Primeras 150 de 155 acciones detectadas
| 0:01 | Encolar | Villager (Male) |
| 0:01 | Encolar | Villager (Male) |
| 0:02 | Construir | House |
| 0:04 | Construir | House |
| 0:09 | Encolar | Villager (Male) |
| 0:10 | Encolar | Villager (Male) |
| 1:25 | Encolar | Villager (Male) |
| 1:26 | Encolar | Villager (Male) |
| 1:55 | Encolar | Villager (Male) |
| 2:06 | Encolar | Villager (Male) |
| 2:06 | Encolar | Villager (Male) |
| 2:29 | Construir | Lumber Camp |
| 2:45 | Encolar | Villager (Male) |
| 2:45 | Encolar | Villager (Male) |
| 2:51 | Encolar | Villager (Male) |
| 2:51 | Encolar | Villager (Male) |
| 3:38 | Encolar | Villager (Male) |
| 3:38 | Encolar | Villager (Male) |
| 4:15 | Encolar | Villager (Male) |
| 4:15 | Encolar | Villager (Male) |
| 4:39 | Construir | House |
| 4:42 | Investigar | Loom |
| 4:42 | Investigar | Loom |
| 4:46 | Encolar | Villager (Male) |
| 4:52 | Encolar | Villager (Male) |
| 5:02 | Construir | Mill |
| 5:34 | Encolar | Villager (Male) |
| 6:07 | Encolar | Villager (Male) |
| 6:45 | Investigar | Feudal Age |
| 6:45 | Investigar | Feudal Age |
| 7:48 | Construir | Mining Camp |
| 8:19 | Construir | Barracks |
| 8:38 | Encolar | Villager (Male) |
| 8:40 | Construir | House |
| 8:57 | Edad | Edad Feudal |
| 9:01 | Investigar | Double-Bit Axe |
| 9:05 | Construir | Archery Range |
| 9:20 | Encolar | Villager (Male) |
| 9:24 | Encolar | Villager (Male) |
| 9:44 | Encolar | Villager (Male) |
| 9:47 | Encolar | Villager (Male) |
| 9:55 | Encolar | Archer |
| 9:57 | Construir | Archery Range |
| 9:59 | Encolar | Villager (Male) |
| 10:24 | Encolar | Villager (Male) |
| 10:28 | Encolar | Archer |
| 10:47 | Encolar | Archer |
| 10:53 | Encolar | Villager (Male) |
| 10:54 | Encolar | Archer |
| 11:01 | Construir | Blacksmith |
| 11:12 | Construir | Palisade Wall |
| 11:15 | Encolar | Villager (Male) |
| 11:26 | Encolar | Archer |
| 11:32 | Construir | Palisade Wall |
| 11:36 | Encolar | Archer |
| 11:46 | Investigar | Fletching |
| 12:22 | Encolar | Villager (Male) |
| 12:25 | Construir | Mill |
| 12:25 | Encolar | Villager (Male) |
| 12:26 | Encolar | Archer |
| 12:29 | Construir | Palisade Wall |
| 12:30 | Construir | Palisade Wall |
| 12:33 | Construir | Palisade Wall |
| 12:37 | Encolar | Archer |
| 12:56 | Encolar | Villager (Male) |
| 12:59 | Construir | Farm |
| 12:59 | Construir | Farm |
| 12:59 | Construir | Farm |
| 13:00 | Construir | Farm |
| 13:00 | Construir | Farm |
| 13:12 | Construir | House |
| 13:23 | Encolar | Archer |
| 13:26 | Construir | Farm |
| 13:30 | Construir | House |
| 13:47 | Encolar | Archer |
| 13:53 | Encolar | Villager (Male) |
| 13:58 | Construir | Palisade Wall |
| 14:04 | Encolar | Archer |
| 14:16 | Encolar | Villager (Male) |
| 14:39 | Encolar | Archer |
| 15:07 | Encolar | Archer |
| 15:09 | Encolar | Villager (Male) |
| 15:14 | Construir | House |
| 15:16 | Construir | Farm |
| 15:16 | Encolar | Villager (Male) |
| 15:18 | Construir | Farm |
| 15:19 | Encolar | Archer |
| 15:21 | Construir | Palisade Wall |
| 15:23 | Construir | Palisade Wall |
| 15:25 | Encolar | Archer |
| 15:28 | Encolar | Villager (Male) |
| 15:32 | Construir | Farm |
| 15:37 | Construir | Farm |
| 15:39 | Encolar | Archer |
| 15:52 | Construir | Farm |
| 15:55 | Encolar | Archer |
| 16:04 | Encolar | Archer |
| 16:33 | Encolar | Villager (Male) |
| 16:44 | Construir | Farm |
| 16:47 | Encolar | Villager (Male) |
| 16:48 | Encolar | Archer |
| 17:13 | Encolar | Archer |
| 17:15 | Investigar | Padded Archer Armor |
| 17:19 | Construir | House |
| 17:30 | Encolar | Archer |
| 17:35 | Construir | House |
| 17:37 | Encolar | Villager (Male) |
| 17:40 | Encolar | Archer |
| 17:40 | Encolar | Archer |
| 17:54 | Encolar | Archer |
| 17:55 | Encolar | Archer |
| 17:58 | Encolar | Villager (Male) |
| 18:01 | Construir | Farm |
| 18:05 | Construir | House |
| 18:09 | Encolar | Archer |
| 18:12 | Encolar | Villager (Male) |
| 18:16 | Construir | Market |
| 18:26 | Encolar | Archer |
| 18:27 | Encolar | Archer |
| 18:36 | Encolar | Villager (Male) |
| 18:56 | Encolar | Archer |
| 19:14 | Encolar | Archer |
| 19:20 | Construir | Lumber Camp |
| 19:23 | Encolar | Villager (Male) |
| 19:27 | Construir | Farm |
| 20:07 | Investigar | Castle Age |
| 20:08 | Investigar | Castle Age |
| 20:10 | Encolar | Archer |
| 20:28 | Encolar | Archer |
| 20:45 | Encolar | Archer |
| 20:55 | Construir | Archery Range |
| 21:15 | Encolar | Archer |
| 21:18 | Construir | Lumber Camp |
| 21:26 | Construir | Farm |
| 21:27 | Construir | Farm |
| 21:32 | Encolar | Archer |
| 21:39 | Construir | House |
| 21:41 | Encolar | Archer |
| 21:52 | Investigar | Gold Mining |
| 22:00 | Construir | Palisade Gate |
| 22:03 | Construir | Farm |
| 22:05 | Construir | Farm |
| 22:06 | Construir | Farm |
| 22:08 | Construir | Farm |
| 22:16 | Encolar | Archer |
| 22:16 | Encolar | Archer |
| 22:33 | Construir | Farm |
| 22:41 | Encolar | Archer |
| 22:47 | Edad | Edad de los Castillos |
| 22:52 | Investigar | Bodkin Arrow |
Build order — panzasmagno
108 acciones detectadas en el replay
| 0:02 | Encolar | Villager (Male) |
| 0:02 | Encolar | Villager (Male) |
| 0:02 | Encolar | Villager (Male) |
| 0:03 | Construir | House |
| 0:05 | Construir | House |
| 0:26 | Encolar | Villager (Male) |
| 1:32 | Encolar | Villager (Male) |
| 1:32 | Encolar | Villager (Male) |
| 2:09 | Encolar | Villager (Male) |
| 2:09 | Encolar | Villager (Male) |
| 2:21 | Encolar | Villager (Male) |
| 2:21 | Encolar | Villager (Male) |
| 3:00 | Construir | Lumber Camp |
| 3:16 | Encolar | Villager (Male) |
| 3:16 | Encolar | Villager (Male) |
| 4:00 | Construir | House |
| 4:04 | Encolar | Villager (Male) |
| 4:04 | Encolar | Villager (Male) |
| 4:14 | Construir | Palisade Wall |
| 4:35 | Encolar | Villager (Male) |
| 4:35 | Encolar | Villager (Male) |
| 4:51 | Encolar | Villager (Male) |
| 4:51 | Encolar | Villager (Male) |
| 5:05 | Construir | Mill |
| 5:24 | Encolar | Villager (Male) |
| 6:08 | Encolar | Villager (Male) |
| 7:27 | Investigar | Loom |
| 7:31 | Investigar | Feudal Age |
| 7:31 | Investigar | Feudal Age |
| 8:10 | Construir | Mill |
| 8:50 | Construir | Barracks |
| 9:19 | Construir | House |
| 9:34 | Encolar | Villager (Male) |
| 9:34 | Encolar | Villager (Male) |
| 10:02 | Edad | Edad Feudal |
| 10:04 | Construir | Stable |
| 10:11 | Investigar | Horse Collar |
| 10:16 | Encolar | Villager (Male) |
| 10:34 | Construir | House |
| 10:46 | Encolar | Scout Cavalry |
| 10:47 | Encolar | Scout Cavalry |
| 10:47 | Encolar | Scout Cavalry |
| 10:56 | Construir | Farm |
| 10:57 | Construir | Farm |
| 11:03 | Construir | Farm |
| 11:06 | Encolar | Villager (Male) |
| 11:08 | Construir | Farm |
| 11:37 | Encolar | Villager (Male) |
| 11:42 | Encolar | Villager (Male) |
| 12:26 | Construir | House |
| 12:31 | Encolar | Spearman |
| 12:41 | Encolar | Scout Cavalry |
| 12:42 | Encolar | Villager (Male) |
| 12:48 | Construir | Farm |
| 13:13 | Construir | Blacksmith |
| 13:19 | Encolar | Villager (Male) |
| 13:19 | Encolar | Villager (Male) |
| 13:20 | Encolar | Villager (Male) |
| 13:22 | Construir | Farm |
| 13:23 | Construir | Farm |
| 13:37 | Encolar | Scout Cavalry |
| 13:55 | Encolar | Villager (Male) |
| 14:00 | Construir | House |
| 14:05 | Investigar | Scale Barding Armor |
| 14:11 | Construir | House |
| 14:18 | Encolar | Villager (Male) |
| 15:03 | Encolar | Scout Cavalry |
| 15:03 | Encolar | Scout Cavalry |
| 15:06 | Construir | House |
| 15:12 | Construir | Farm |
| 15:20 | Encolar | Villager (Male) |
| 15:20 | Encolar | Villager (Male) |
| 15:20 | Encolar | Villager (Male) |
| 15:48 | Construir | Market |
| 15:55 | Encolar | Villager (Male) |
| 15:57 | Construir | Farm |
| 15:58 | Construir | Farm |
| 15:58 | Construir | Farm |
| 15:59 | Construir | Farm |
| 16:16 | Construir | House |
| 16:17 | Construir | House |
| 16:30 | Construir | Farm |
| 16:34 | Construir | Farm |
| 16:46 | Construir | Mining Camp |
| 16:48 | Encolar | Scout Cavalry |
| 17:03 | Encolar | Villager (Male) |
| 17:32 | Encolar | Scout Cavalry |
| 17:41 | Encolar | Villager (Male) |
| 17:48 | Construir | Palisade Wall |
| 18:10 | Construir | Palisade Wall |
| 18:32 | Encolar | Spearman |
| 18:40 | Encolar | Scout Cavalry |
| 18:42 | Encolar | Villager (Male) |
| 18:42 | Encolar | Villager (Male) |
| 18:49 | Encolar | Villager (Male) |
| 19:04 | Encolar | Spearman |
| 19:23 | Encolar | Scout Cavalry |
| 19:27 | Construir | House |
| 19:42 | Construir | House |
| 19:43 | Construir | Palisade Wall |
| 19:50 | Encolar | Scout Cavalry |
| 20:29 | Encolar | Villager (Male) |
| 21:00 | Encolar | Villager (Male) |
| 21:08 | Construir | Palisade Wall |
| 21:46 | Investigar | Castle Age |
| 21:50 | Construir | House |
| 22:06 | Construir | Lumber Camp |
| 22:11 | Construir | Palisade Wall |
Build order — GreatMaty
Primeras 150 de 154 acciones detectadas
| 0:00 | Encolar | Villager (Male) |
| 0:01 | Encolar | Villager (Male) |
| 0:01 | Encolar | Villager (Male) |
| 0:02 | Construir | House |
| 0:05 | Construir | House |
| 0:14 | Encolar | Villager (Male) |
| 0:14 | Encolar | Villager (Male) |
| 1:27 | Encolar | Villager (Male) |
| 1:27 | Encolar | Villager (Male) |
| 1:55 | Encolar | Villager (Male) |
| 1:55 | Encolar | Villager (Male) |
| 2:12 | Construir | Lumber Camp |
| 2:24 | Investigar | Loom |
| 2:29 | Encolar | Villager (Male) |
| 2:30 | Encolar | Villager (Male) |
| 2:43 | Encolar | Villager (Male) |
| 2:43 | Encolar | Villager (Male) |
| 3:14 | Encolar | Villager (Male) |
| 3:14 | Encolar | Villager (Male) |
| 3:37 | Encolar | Villager (Male) |
| 3:37 | Encolar | Villager (Male) |
| 4:03 | Encolar | Villager (Male) |
| 4:15 | Construir | House |
| 4:25 | Encolar | Villager (Male) |
| 4:52 | Construir | Mill |
| 5:02 | Encolar | Villager (Male) |
| 5:02 | Encolar | Villager (Male) |
| 5:03 | Encolar | Villager (Male) |
| 5:36 | Encolar | Villager (Male) |
| 5:56 | Construir | House |
| 5:59 | Encolar | Villager (Male) |
| 6:00 | Investigar | Loom |
| 6:53 | Investigar | Feudal Age |
| 6:53 | Investigar | Feudal Age |
| 8:06 | Construir | Barracks |
| 8:11 | Encolar | Villager (Male) |
| 9:02 | Construir | Mining Camp |
| 9:17 | Edad | Edad Feudal |
| 9:19 | Construir | Archery Range |
| 9:21 | Investigar | Double-Bit Axe |
| 9:28 | Encolar | Villager (Male) |
| 9:37 | Encolar | Spearman |
| 9:48 | Construir | House |
| 9:55 | Construir | Palisade Wall |
| 9:57 | Encolar | Villager (Male) |
| 10:09 | Encolar | Villager (Male) |
| 10:14 | Construir | House |
| 10:16 | Construir | Palisade Wall |
| 10:18 | Construir | Palisade Wall |
| 10:22 | Construir | Palisade Wall |
| 10:25 | Encolar | Archer |
| 10:31 | Construir | Archery Range |
| 10:36 | Encolar | Villager (Male) |
| 10:49 | Encolar | Villager (Male) |
| 10:53 | Construir | Mill |
| 11:22 | Encolar | Archer |
| 11:44 | Construir | Blacksmith |
| 11:46 | Encolar | Villager (Male) |
| 12:00 | Encolar | Archer |
| 12:00 | Encolar | Archer |
| 12:08 | Construir | House |
| 12:10 | Construir | Palisade Wall |
| 12:11 | Construir | Palisade Wall |
| 12:14 | Encolar | Archer |
| 12:14 | Encolar | Archer |
| 12:17 | Encolar | Villager (Male) |
| 12:37 | Construir | Farm |
| 12:41 | Investigar | Fletching |
| 12:41 | Investigar | Fletching |
| 13:04 | Encolar | Villager (Male) |
| 13:04 | Encolar | Villager (Male) |
| 13:19 | Encolar | Archer |
| 13:19 | Encolar | Archer |
| 13:38 | Encolar | Archer |
| 13:39 | Encolar | Archer |
| 13:39 | Encolar | Villager (Male) |
| 13:39 | Encolar | Villager (Male) |
| 13:42 | Construir | Farm |
| 13:42 | Construir | Farm |
| 14:02 | Encolar | Villager (Male) |
| 14:02 | Encolar | Villager (Male) |
| 14:05 | Encolar | Archer |
| 14:05 | Encolar | Archer |
| 14:07 | Construir | Farm |
| 14:08 | Construir | Farm |
| 14:25 | Encolar | Villager (Male) |
| 14:25 | Encolar | Villager (Male) |
| 14:50 | Encolar | Archer |
| 14:51 | Encolar | Villager (Male) |
| 14:54 | Construir | Farm |
| 14:57 | Construir | Farm |
| 15:00 | Encolar | Archer |
| 15:01 | Encolar | Villager (Male) |
| 15:25 | Encolar | Archer |
| 15:25 | Encolar | Archer |
| 15:26 | Encolar | Villager (Male) |
| 15:39 | Encolar | Archer |
| 15:46 | Encolar | Villager (Male) |
| 15:54 | Construir | Palisade Wall |
| 16:01 | Construir | Farm |
| 16:01 | Encolar | Villager (Male) |
| 16:11 | Encolar | Archer |
| 16:14 | Construir | Farm |
| 16:18 | Encolar | Villager (Male) |
| 16:20 | Encolar | Archer |
| 16:34 | Encolar | Villager (Male) |
| 16:37 | Construir | House |
| 16:38 | Construir | Palisade Wall |
| 16:44 | Encolar | Villager (Male) |
| 16:45 | Encolar | Archer |
| 17:11 | Construir | Farm |
| 17:12 | Construir | Farm |
| 17:21 | Encolar | Archer |
| 17:22 | Encolar | Archer |
| 17:36 | Construir | Farm |
| 18:00 | Construir | House |
| 18:01 | Encolar | Archer |
| 18:02 | Encolar | Archer |
| 18:12 | Investigar | Wheelbarrow |
| 18:34 | Construir | House |
| 18:35 | Construir | House |
| 18:41 | Construir | Farm |
| 18:52 | Construir | Lumber Camp |
| 19:03 | Construir | Palisade Wall |
| 19:07 | Construir | Palisade Wall |
| 19:18 | Construir | Palisade Wall |
| 19:20 | Construir | Palisade Wall |
| 19:31 | Investigar | Castle Age |
| 19:31 | Investigar | Castle Age |
| 20:02 | Investigar | Horse Collar |
| 20:03 | Investigar | Horse Collar |
| 20:05 | Construir | Stable |
| 20:09 | Construir | House |
| 20:39 | Construir | Palisade Wall |
| 20:47 | Encolar | Villager (Male) |
| 20:58 | Construir | Stable |
| 21:37 | Construir | Farm |
| 21:38 | Construir | Farm |
| 21:41 | Construir | Farm |
| 21:43 | Construir | Farm |
| 21:59 | Investigar | Gold Mining |
| 22:11 | Edad | Edad de los Castillos |
| 22:14 | Investigar | Bodkin Arrow |
| 22:14 | Investigar | Crossbowman (upgrade) |
| 22:15 | Investigar | Crossbowman (upgrade) |
| 22:32 | Construir | Town Center |
| 22:41 | Encolar | Villager (Male) |
| 22:46 | Construir | Farm |
| 22:47 | Investigar | Bow Saw |
| 22:47 | Investigar | Bow Saw |
Build order — DiegoRH7955
138 acciones detectadas en el replay
| 0:02 | Encolar | Villager (Male) |
| 0:02 | Encolar | Villager (Male) |
| 0:02 | Encolar | Villager (Male) |
| 0:03 | Construir | House |
| 0:05 | Construir | House |
| 0:50 | Encolar | Villager (Male) |
| 1:31 | Encolar | Villager (Male) |
| 1:58 | Construir | Lumber Camp |
| 2:01 | Encolar | Villager (Male) |
| 2:21 | Encolar | Villager (Male) |
| 2:21 | Encolar | Villager (Male) |
| 2:50 | Encolar | Villager (Male) |
| 3:10 | Encolar | Villager (Male) |
| 3:38 | Encolar | Villager (Male) |
| 3:51 | Construir | House |
| 3:55 | Encolar | Villager (Male) |
| 3:55 | Encolar | Villager (Male) |
| 4:19 | Construir | Mill |
| 4:37 | Encolar | Villager (Male) |
| 5:07 | Encolar | Villager (Male) |
| 5:07 | Encolar | Villager (Male) |
| 5:41 | Encolar | Villager (Male) |
| 5:52 | Encolar | Villager (Male) |
| 6:50 | Investigar | Loom |
| 7:23 | Investigar | Feudal Age |
| 8:03 | Investigar | Double-Bit Axe |
| 8:22 | Construir | Barracks |
| 8:36 | Construir | Mining Camp |
| 9:03 | Construir | House |
| 9:14 | Encolar | Villager (Male) |
| 9:45 | Construir | Archery Range |
| 9:57 | Encolar | Villager (Male) |
| 10:06 | Construir | Archery Range |
| 10:11 | Encolar | Villager (Male) |
| 10:18 | Construir | Palisade Wall |
| 10:38 | Encolar | Archer |
| 10:50 | Construir | House |
| 10:57 | Encolar | Villager (Male) |
| 11:05 | Construir | Palisade Wall |
| 11:12 | Encolar | Villager (Male) |
| 11:14 | Construir | Blacksmith |
| 11:16 | Encolar | Archer |
| 11:30 | Encolar | Archer |
| 11:43 | Encolar | Archer |
| 11:45 | Encolar | Archer |
| 11:53 | Construir | Palisade Wall |
| 12:04 | Encolar | Archer |
| 12:07 | Encolar | Villager (Male) |
| 12:07 | Encolar | Villager (Male) |
| 12:16 | Construir | House |
| 12:30 | Investigar | Fletching |
| 12:30 | Investigar | Fletching |
| 12:37 | Construir | Farm |
| 12:38 | Construir | Farm |
| 12:39 | Construir | Farm |
| 12:45 | Construir | House |
| 12:55 | Encolar | Archer |
| 12:55 | Encolar | Archer |
| 13:01 | Construir | Farm |
| 13:02 | Encolar | Villager (Male) |
| 13:04 | Construir | Farm |
| 13:26 | Encolar | Archer |
| 13:26 | Encolar | Archer |
| 13:48 | Investigar | Bow Saw |
| 13:55 | Encolar | Archer |
| 13:57 | Encolar | Villager (Male) |
| 13:59 | Construir | House |
| 14:10 | Encolar | Villager (Male) |
| 14:13 | Construir | Farm |
| 14:30 | Construir | Palisade Wall |
| 14:33 | Encolar | Villager (Male) |
| 14:35 | Construir | Farm |
| 14:36 | Encolar | Archer |
| 14:37 | Encolar | Archer |
| 14:37 | Encolar | Archer |
| 14:55 | Construir | Palisade Wall |
| 14:57 | Construir | Farm |
| 15:10 | Encolar | Archer |
| 15:10 | Encolar | Archer |
| 15:12 | Encolar | Villager (Male) |
| 15:28 | Construir | Palisade Wall |
| 15:32 | Construir | Palisade Wall |
| 15:39 | Investigar | Padded Archer Armor |
| 15:41 | Encolar | Villager (Male) |
| 15:41 | Encolar | Villager (Male) |
| 15:45 | Encolar | Archer |
| 15:45 | Encolar | Archer |
| 15:45 | Encolar | Archer |
| 15:53 | Construir | House |
| 16:17 | Construir | House |
| 16:24 | Investigar | Wheelbarrow |
| 16:24 | Investigar | Wheelbarrow |
| 16:27 | Encolar | Archer |
| 16:28 | Encolar | Archer |
| 16:28 | Encolar | Archer |
| 16:37 | Encolar | Archer |
| 16:46 | Construir | Palisade Wall |
| 16:50 | Construir | Palisade Wall |
| 16:56 | Encolar | Archer |
| 16:57 | Encolar | Archer |
| 17:05 | Investigar | Gold Mining |
| 17:05 | Investigar | Gold Mining |
| 17:20 | Encolar | Archer |
| 17:21 | Encolar | Archer |
| 17:27 | Encolar | Villager (Male) |
| 17:37 | Construir | Market |
| 17:42 | Encolar | Archer |
| 17:42 | Encolar | Archer |
| 17:42 | Encolar | Archer |
| 18:00 | Encolar | Archer |
| 18:00 | Encolar | Archer |
| 18:02 | Encolar | Villager (Male) |
| 18:04 | Encolar | Skirmisher |
| 18:04 | Encolar | Skirmisher |
| 18:07 | Construir | Farm |
| 18:25 | Encolar | Villager (Male) |
| 18:28 | Construir | Mill |
| 18:34 | Construir | House |
| 18:59 | Encolar | Villager (Male) |
| 19:20 | Construir | Farm |
| 19:21 | Construir | Farm |
| 19:37 | Construir | House |
| 19:47 | Encolar | Skirmisher |
| 19:53 | Encolar | Villager (Male) |
| 19:56 | Construir | House |
| 20:02 | Investigar | Hand Cart |
| 20:16 | Encolar | Skirmisher |
| 20:16 | Encolar | Skirmisher |
| 20:21 | Construir | Farm |
| 20:22 | Encolar | Villager (Male) |
| 20:52 | Construir | Farm |
| 21:28 | Investigar | Castle Age |
| 21:38 | Encolar | Archer |
| 21:38 | Encolar | Archer |
| 22:09 | Construir | Archery Range |
| 22:13 | Construir | House |
| 22:38 | Investigar | Horse Collar |
| 22:38 | Investigar | Horse Collar |
Build order — SARASO
135 acciones detectadas en el replay
| 0:02 | Encolar | Villager (Male) |
| 0:02 | Encolar | Villager (Male) |
| 0:02 | Encolar | Villager (Male) |
| 0:03 | Construir | House |
| 0:05 | Construir | House |
| 0:21 | Encolar | Villager (Male) |
| 1:12 | Encolar | Villager (Male) |
| 1:12 | Encolar | Villager (Male) |
| 1:58 | Encolar | Villager (Male) |
| 2:12 | Encolar | Villager (Male) |
| 2:21 | Construir | Lumber Camp |
| 2:33 | Encolar | Villager (Male) |
| 2:52 | Encolar | Villager (Male) |
| 2:52 | Encolar | Villager (Male) |
| 3:03 | Construir | House |
| 3:16 | Encolar | Villager (Male) |
| 3:16 | Encolar | Villager (Male) |
| 3:46 | Encolar | Villager (Male) |
| 4:22 | Encolar | Villager (Male) |
| 4:54 | Encolar | Villager (Male) |
| 4:59 | Encolar | Villager (Male) |
| 5:00 | Encolar | Villager (Male) |
| 5:00 | Encolar | Villager (Male) |
| 5:08 | Encolar | Villager (Male) |
| 5:09 | Encolar | Villager (Male) |
| 5:39 | Construir | Mining Camp |
| 5:52 | Encolar | Villager (Male) |
| 5:52 | Investigar | Loom |
| 6:35 | Investigar | Feudal Age |
| 6:35 | Investigar | Feudal Age |
| 8:05 | Construir | House |
| 8:39 | Construir | Mill |
| 8:52 | Edad | Edad Feudal |
| 8:56 | Construir | Archery Range |
| 8:58 | Construir | Archery Range |
| 9:02 | Encolar | Villager (Male) |
| 9:06 | Encolar | Villager (Male) |
| 9:29 | Encolar | Villager (Male) |
| 9:57 | Encolar | Archer |
| 9:57 | Encolar | Archer |
| 10:00 | Construir | House |
| 10:04 | Encolar | Villager (Male) |
| 10:36 | Construir | Blacksmith |
| 10:38 | Encolar | Villager (Male) |
| 10:39 | Encolar | Archer |
| 11:00 | Encolar | Archer |
| 11:00 | Encolar | Archer |
| 11:08 | Construir | Palisade Wall |
| 11:10 | Construir | Palisade Wall |
| 11:21 | Encolar | Villager (Male) |
| 11:22 | Encolar | Archer |
| 11:23 | Encolar | Archer |
| 11:23 | Encolar | Villager (Male) |
| 11:42 | Construir | House |
| 11:45 | Construir | House |
| 11:57 | Construir | Farm |
| 11:58 | Construir | Farm |
| 12:04 | Investigar | Fletching |
| 12:07 | Encolar | Archer |
| 12:07 | Encolar | Archer |
| 12:16 | Construir | House |
| 12:18 | Construir | Mill |
| 12:22 | Construir | Farm |
| 12:35 | Construir | Farm |
| 12:37 | Encolar | Villager (Male) |
| 12:53 | Encolar | Archer |
| 12:57 | Encolar | Archer |
| 12:58 | Encolar | Archer |
| 13:24 | Encolar | Villager (Male) |
| 13:24 | Encolar | Villager (Male) |
| 13:43 | Encolar | Archer |
| 13:43 | Encolar | Villager (Male) |
| 13:49 | Encolar | Archer |
| 13:50 | Encolar | Archer |
| 13:50 | Encolar | Archer |
| 13:50 | Encolar | Archer |
| 14:07 | Encolar | Archer |
| 14:15 | Construir | Farm |
| 14:21 | Investigar | Double-Bit Axe |
| 14:21 | Investigar | Double-Bit Axe |
| 14:35 | Encolar | Villager (Male) |
| 15:02 | Construir | Farm |
| 15:23 | Encolar | Archer |
| 15:24 | Encolar | Archer |
| 15:24 | Encolar | Archer |
| 15:49 | Encolar | Archer |
| 15:49 | Encolar | Archer |
| 16:06 | Encolar | Villager (Male) |
| 16:14 | Investigar | Padded Archer Armor |
| 16:14 | Investigar | Padded Archer Armor |
| 16:22 | Encolar | Villager (Male) |
| 16:23 | Construir | Farm |
| 16:38 | Construir | Palisade Wall |
| 16:40 | Construir | Palisade Wall |
| 16:50 | Encolar | Archer |
| 16:50 | Encolar | Archer |
| 17:01 | Construir | Palisade Wall |
| 17:03 | Construir | House |
| 17:06 | Encolar | Archer |
| 17:06 | Encolar | Archer |
| 17:08 | Encolar | Villager (Male) |
| 17:19 | Encolar | Archer |
| 17:26 | Construir | Watch Tower |
| 17:33 | Encolar | Villager (Male) |
| 18:21 | Encolar | Villager (Male) |
| 18:27 | Encolar | Villager (Male) |
| 18:32 | Encolar | Archer |
| 18:32 | Encolar | Archer |
| 18:33 | Encolar | Villager (Male) |
| 18:51 | Encolar | Villager (Male) |
| 18:52 | Encolar | Archer |
| 18:52 | Encolar | Archer |
| 18:59 | Construir | Mining Camp |
| 19:05 | Encolar | Villager (Male) |
| 19:08 | Encolar | Archer |
| 19:08 | Encolar | Archer |
| 19:33 | Encolar | Villager (Male) |
| 19:34 | Encolar | Archer |
| 19:44 | Encolar | Villager (Male) |
| 19:45 | Encolar | Archer |
| 19:47 | Construir | House |
| 19:49 | Construir | House |
| 19:54 | Construir | Market |
| 19:58 | Encolar | Archer |
| 19:58 | Encolar | Archer |
| 20:23 | Encolar | Archer |
| 20:23 | Encolar | Archer |
| 20:49 | Encolar | Villager (Male) |
| 20:50 | Encolar | Archer |
| 20:50 | Encolar | Archer |
| 21:46 | Encolar | Villager (Male) |
| 21:49 | Construir | Farm |
| 21:51 | Construir | Farm |
| 21:51 | Construir | Farm |
| 22:01 | Construir | Palisade Wall |
Cronología de la partida
| 4:14 | panzasmagno · wall_segment Palisade Wall x1 |
| 7:15 | ToNGa · first_building Barracks |
| 8:06 | GreatMaty · first_building Barracks |
| 8:19 | |FMG| TINCHO · first_building Barracks |
| 8:22 | DiegoRH7955 · first_building Barracks |
| 8:50 | panzasmagno · first_building Barracks |
| 8:50 | ToNGa · age_up feudal |
| 8:52 | SARASO · age_up feudal |
| 8:52 | ToNGa · first_building Stable |
| 8:56 | SARASO · first_building Archery Range |
| 8:57 | |FMG| TINCHO · age_up feudal |
| 9:05 | |FMG| TINCHO · first_building Archery Range |
| 9:07 | ToNGa · wall_segment Palisade Wall x1 |
| 9:08 | ToNGa · wall_segment Palisade Wall x3 |
| 9:17 | GreatMaty · age_up feudal |
| 9:19 | GreatMaty · first_building Archery Range |
| 9:42 | ToNGa · wall_segment Palisade Wall x12 |
| 9:45 | DiegoRH7955 · first_building Archery Range |
| 9:55 | GreatMaty · wall_segment Palisade Wall x3 |
| 10:02 | panzasmagno · age_up feudal |
| 10:04 | panzasmagno · first_building Stable |
| 10:09 | ToNGa · wall_segment Palisade Wall x8 |
| 10:10 | ToNGa · wall_segment Palisade Wall x6 |
| 10:14 | ToNGa · wall_segment Palisade Wall x12 |
| 10:16 | GreatMaty · wall_segment Palisade Wall x4 |
| 10:18 | GreatMaty · wall_segment Palisade Wall x7 |
| 10:18 | DiegoRH7955 · wall_segment Palisade Wall x2 |
| 10:22 | GreatMaty · wall_segment Palisade Wall x4 |
| 11:05 | DiegoRH7955 · wall_segment Palisade Wall x10 |
| 11:08 | SARASO · wall_segment Palisade Wall x1 |
| 11:10 | SARASO · wall_segment Palisade Wall x1 |
| 11:12 | |FMG| TINCHO · wall_segment Palisade Wall x9 |
| 11:22 | ToNGa · wall_segment Palisade Wall x2 |
| 11:32 | |FMG| TINCHO · wall_segment Palisade Wall x7 |
| 11:53 | DiegoRH7955 · wall_segment Palisade Wall x7 |
| 12:10 | GreatMaty · wall_segment Palisade Wall x7 |
| 12:11 | GreatMaty · wall_segment Palisade Wall x1 |
| 12:29 | |FMG| TINCHO · wall_segment Palisade Wall x7 |
| 12:30 | |FMG| TINCHO · wall_segment Palisade Wall x7 |
| 12:33 | |FMG| TINCHO · wall_segment Palisade Wall x4 |
| 13:58 | |FMG| TINCHO · wall_segment Palisade Wall x7 |
| 14:30 | DiegoRH7955 · wall_segment Palisade Wall x5 |
| 14:55 | DiegoRH7955 · wall_segment Palisade Wall x5 |
| 15:21 | |FMG| TINCHO · wall_segment Palisade Wall x5 |
| 15:23 | |FMG| TINCHO · wall_segment Palisade Wall x5 |
| 15:28 | DiegoRH7955 · wall_segment Palisade Wall x6 |
| 15:32 | DiegoRH7955 · wall_segment Palisade Wall x7 |
| 15:54 | GreatMaty · wall_segment Palisade Wall x14 |
| 16:38 | GreatMaty · wall_segment Palisade Wall x6 |
| 16:38 | SARASO · wall_segment Palisade Wall x1 |
| 16:40 | SARASO · wall_segment Palisade Wall x1 |
| 16:46 | DiegoRH7955 · wall_segment Palisade Wall x5 |
| 16:50 | DiegoRH7955 · wall_segment Palisade Wall x11 |
| 17:01 | SARASO · wall_segment Palisade Wall x1 |
| 17:48 | panzasmagno · wall_segment Palisade Wall x18 |
| 18:10 | panzasmagno · wall_segment Palisade Wall x1 |
| 19:03 | GreatMaty · wall_segment Palisade Wall x1 |
| 19:07 | GreatMaty · wall_segment Palisade Wall x1 |
| 19:18 | GreatMaty · wall_segment Palisade Wall x1 |
| 19:20 | GreatMaty · wall_segment Palisade Wall x1 |
| 19:32 | DiegoRH7955 · first_market_buy 100 food |
| 19:38 | |FMG| TINCHO · first_market_buy 100 food |
| 19:39 | |FMG| TINCHO · first_market_sell 100 wood |
| 19:43 | panzasmagno · wall_segment Palisade Wall x4 |
| 20:05 | GreatMaty · first_building Stable |
| 20:27 | ToNGa · age_up castle |
| 20:39 | GreatMaty · wall_segment Palisade Wall x1 |
| 20:51 | panzasmagno · first_market_sell 100 wood |
| 20:52 | panzasmagno · first_market_buy 100 food |
| 21:08 | panzasmagno · wall_segment Palisade Wall x7 |
| 21:09 | ToNGa · wall_segment Palisade Wall x4 |
| 22:01 | SARASO · wall_segment Palisade Wall x18 |
| 22:04 | SARASO · first_market_buy 100 food |
| 22:11 | GreatMaty · age_up castle |
| 22:11 | panzasmagno · wall_segment Palisade Wall x13 |
| 22:40 | SARASO · resign |
| 22:47 | |FMG| TINCHO · age_up castle |
| 22:56 | GreatMaty · wall_segment Palisade Wall x1 |
[ ANÁLISIS IA · 1 CRÉDITO ]
¿Qué pasó realmente en esta partida?
Wolo.gg analiza cada decisión: build order, eco, micro, errores típicos por bracket. Análisis personalizado por WhatsApp o Discord en 30 segundos.
Guía civ
Persas
Perfil
Jugador #2639502